 Dungeon Crawl Stone Soup version 0.31-a0-1074-g0b22e4e0f1 (webtiles) character file.

Game seed: 14177295242710316847

373 ytrimaz the Insei (level 7, -1/46 HPs)
             Began as a Meteoran Shapeshifter on Dec 1, 2023.
             Was a Follower of Hepliaklqana.
             Killed from afar by a dart slug (4 damage)
             ... with a slug dart
             ... on level 5 of the Dungeon.
             The game lasted 00:08:21 (2180 turns).

ytrimaz the Insei (Meteoran Shapeshifter)           Turns: 2180, Time: 00:08:21

Health: -1/46      AC:  2    Str: 15    XL:     7   Next: 23%
Magic:  8/8        EV: 12    Int: 13    God:    Hepliaklqana [*.....]
Gold:   153        SH:  0    Dex: 15    Spells: 6/6 levels left

rFire   . .          .
                       - Unarmed
rCold   . . .        (no shield)
rNeg    . . .        a - +0 animal skin
rPois   .            (helmet currently unavailable)
rElec   .            (cloak currently unavailable)
rCorr   +            (gloves currently unavailable)
SInv    .            (boots currently unavailable)
Will    .....        (no amulet)
Stlth   +            h - ring of resist corrosion
HPRegen 0.27/turn    (no ring)
MPRegen 0.11/turn

%: no passive effects
@: lethally poisoned (-1 -> -6), beast-form, glowing, invisible (but backlit and
visible)
A: beast (slay +3), reduced essence, sense surroundings 1, otherworldly,
glowing, explore regen
a: Begin Untransformation, Renounce Religion, Recall Ancestor, Ancestor Identity


You were on level 5 of the Dungeon.
You worshipped Hepliaklqana.
Hepliaklqana was aware of your devotion.
You were a hulking beast.
You visited 2 branches of the dungeon, and saw 6 of its levels.

You collected 153 gold pieces.


Innate Abilities, Weirdness & Mutations

You are a hulking beast.
Your limbs bulge with bestial killing power. (Slay +3)
Your life essence is reduced to manifest your ancestor. (-10% HP)
You passively map a small area around you.
You are easily found by Zot.
You glow in the dark.
You regain HP and MP as you explore.


   Skills:
 - Level 1.1 Fighting
 - Level 2.1 Dodging
 + Level 6.7 Unarmed Combat
 + Level 6.3 Shapeshifting


You had 6 spell levels left.
You didn't know any spells.
Your spell library contained the following spells:

 Spells                   Type           Power      Damage    Failure   Level
 Freeze                   Ice            0%         1d3       30%         1
 Frozen Ramparts          Ice            0%         1d1       67%         3
 Hailstorm                Conj/Ice       0%         3d3       67%         3
 Volatile Blastmotes      Fire/Tloc      0%         2d10      67%         3
 Fulminant Prism          Conj/Hex       0%         3d5       97%         4
 Iskenderun's Mystic Bla  Conj/Tloc      0%         2d3       97%         4

Inventory:

Armour
 a - a +0 animal skin (worn)
 i - a +2 pair of gloves
   (You found it on level 1 of the Dungeon)
Jewellery
 h - a ring of resist corrosion (left hand)
   (You found it on level 1 of the Dungeon)
 r - a ring of ice
   (You found it on level 3 of the Dungeon)
Talismans
 c - a beast talisman
 d - a flux talisman
Wands
 t - a wand of flame (16)
   (You found it on level 4 of the Dungeon)
Scrolls
 b - a scroll of enchant armour
 e - a scroll of blinking
 f - 2 scrolls of immolation
 g - a scroll of silence {unknown}
 k - 2 scrolls of fear
 m - a scroll of amnesia
 n - a scroll of acquirement
 o - a scroll of torment
 s - a scroll of revelation
 u - a scroll of vulnerability {unknown}
 x - a scroll of enchant weapon {unknown}
Potions
 j - 2 potions of might
 p - a potion of degeneration {unknown}
 q - a potion of mutation {unknown}
 v - a potion of magic {unknown}
 w - a potion of haste {unknown}

Dungeon Overview and Level Annotations

Branches:
Dungeon (5/15) Zot: 883    Temple (1/1) D:4 Zot: 554

Altars:
Ashenzari
Cheibriados
Elyvilon
Gozag
Hepliaklqana
Makhleb
Nemelex Xobeh
Okawaru
Qazlal
Ru
Trog
Vehumet
The Shining One

Shops:
D:4 (

Annotations:
Temple 2 transporters

** * , .. , . , .#*
.# , .#.###.#..$
*...........# ,
...J....J.. ,
####...........
##...#w.?....$..
##....h#..!...... ,
, #.....hsY........
#.....R†......... ,
#..?.....<....... ,
##...............
#...............
#................ *
#.$......##.....!,,
, #........# ##....


You could see the friendly Duaenre the ancestor, an ice beast, a scorpion (ally
target), a hound, a jelly and a dart slug.


Message History

The hound pauses to sniff the ground.
The iguana bites you! 😕 HP[-9]
You take 9 damage, and now have 37/46 hp.
You hit the iguana. The adder bites you.
You are poisoned.
The adder poisons you!
Duaenre hits the iguana.
A dart slug comes into view. 😕 HP[-2]
You take 2 damage, and now have 35/46 hp.
You hit the iguana.
You kill the iguana!
You feel sick. The adder closely misses you.
The adder bites you but does no damage. 😮 HP[-2]
You take 2 damage, and now have 33/46 hp.
Unknown command.
You hit the hound. The hound bites you.
A quokka comes into view.
The adder bites you.
You are more poisoned.
The adder poisons you!
Duaenre misses the adder. 😮 HP[-5]
You take 5 damage, and now have 28/46 hp.
You barely miss the hound.
You feel sick. The hound bites you.
A hound comes into view.
The adder barely misses you. The hound closely misses you.
Duaenre hits the adder. 😮 HP[-3]
You take 3 damage, and now have 25/46 hp.
Unknown command.
The hound barks!
You hit the hound.
You feel sick. The hound barely misses you.
The adder bites Duaenre.
An ice beast comes into view. 😮 HP[-1]
You take 1 damage, and now have 24/46 hp.
Unknown command.
You hit the hound.
You feel sick.
The hound stops to sniff the ground.
The hound closely misses you.
A quokka comes into view.
Duaenre hits the adder but does no damage.
The adder bites Duaenre.
A jelly comes into view.
The scorpion stings you.
* * * LOW HITPOINT WARNING * * *
😨 HP[-3]
You take 3 damage, and now have 21/46 hp.
Unknown command.
Unknown command.
You feel sick.
The adder bites Duaenre.
Duaenre hits the adder.
The hound bites you.
* * * LOW HITPOINT WARNING * * *
😨 HP[-2]
You take 2 damage, and now have 19/46 hp.
Unknown command.
You barely miss the adder.
You feel sick. The adder closely misses you. The hound barely misses you.
Duaenre barely misses the adder.
The adder closely misses you.
Unknown command.
You punch the adder!
You kill the adder!
You feel sick. The hound closely misses you.
Duaenre closely misses the hound.
The hound misses you. 😨 HP[-1]
You take 1 damage, and now have 18/46 hp.
Unknown command.
You hit the hound.
You feel sick.
You are no longer poisoned.
The scorpion completely misses you.
Duaenre hits the hound!
The hound dies! 😨 HP[-1]
You take 1 damage, and now have 17/46 hp.
Unknown command.
You punch the quokka!
You kill the quokka!
The scorpion stings you.
* * * LOW HITPOINT WARNING * * *
You are poisoned.
The scorpion poisons you!
Duaenre barely misses the scorpion. 😨 HP[-4]
You take 4 damage, and now have 13/46 hp.
You feel very sick. The hound attacks as it pursues you! The hound bites you.
* * * LOW HITPOINT WARNING * * *
The scorpion closely misses you. The hound bites you.
* * * LOW HITPOINT WARNING * * *
Duaenre completely misses the scorpion. 😱 HP[-7]
You take 7 damage, and now have 6/46 hp.
Unknown command.
It was a potion of invisibility.
You become transparent, but the glow from your body prevents you from becoming completely invisible.
* * * LOW HITPOINT WARNING * * *
You feel sick. The scorpion barely misses you. The hound bites you.
* * * LOW HITPOINT WARNING * * *
The dart slug launches a dart at you. The slug dart hits you.
You die...

Skill      XL: |  1  2  3  4  5  6 |
---------------+-------------------+-----
Unarmed Combat | 4 5 6 |  6.7
Shapeshifting  | 4 5 6 |  6.3
Fighting       | |  1.1
Dodging        | |  2.1

Action                     |  1- 3 |  4- 6 |  7- 9 || total
---------------------------+-------+-------+-------++-------
  Melee: Unarmed           |    54 |   125 |    10 ||   189
         Punch             |     2 |     3 |       ||     5
    Use: Potion            |       |     1 |     1 ||     2
         Scroll            |       |     9 |       ||     9
 Armour: Animal skin       |    26 |    61 |    13 ||   100
         Skin              |       |     9 |       ||     9
  Dodge: Dodged            |    34 |    76 |    13 ||   123

Levels and vault maps discovered:
D:1:      minmay_arrival_cross, layout_loops_ring, grunt_decor_mini_mirrors
D:2:      layout_basic, basic_altar, uniq_robin, uniq_jessica
D:3:      layout_rooms, nicolae_overflow_hidden_temple, hangedman_decor_lopped,
          kennysheep_decorative_pillar, item_on_display_a
D:4:      layout_layer_cave, grunt_gozag_statues, okawaru_trees_2, temple_hall,
          serial_shops, nicolae_shop_bloodbath_and_beyond,
          kennysheep_generic_room_2
D:5:      layout_rooms, nzn_wu_jian_contemplation,
          gammafunk_ghost_abyssal_escape, uniq_prince_ribbit1, uniq_edmund,
          uniq_grinder, uniq_sigmund, uniq_ijyb
Temple:   hellmonk_temple_divided_pantheon

Notes
Turn   | Place    | Note
-------+----------+-------------------------------------------
     0 | D:1      | ytrimaz the Meteoran Shapeshifter began the quest for the
                  | Orb.
     0 | D:1      | Reached XP level 1. HP: 16/16 MP: 2/2
     0 | D:1      | magus.rc [v1.9.6]
    86 | D:1      | Reached XP level 2. HP: 21/23 MP: 3/3
   143 | D:1      | Reached skill level 4 in Unarmed Combat
   156 | D:1      | You pick up a book of Frost and begin reading...
   156 | D:1      | You add the spells Freeze, Frozen Ramparts and Hailstorm to
                  | your library.
   171 | D:1      | Reached skill level 4 in Shapeshifting
   287 | D:1      | Reached XP level 3. HP: 28/28 MP: 4/4
   513 | D:2      | Noticed Jessica
   522 | D:2      | Killed Jessica
   523 | D:2      | Reached XP level 4. HP: 16/35 MP: 5/5
   724 | D:2      | Found a broken altar of Ashenzari.
   841 | D:2      | Reached skill level 5 in Unarmed Combat
  1038 | D:2      | Reached XP level 5. HP: 34/40 MP: 6/6
  1048 | D:2      | Noticed Robin
  1062 | D:2      | Killed Robin
  1063 | D:2      | Reached skill level 5 in Shapeshifting
  1110 | D:2      | Glimpsed the power of Zot.
  1138 | D:3      | Noticed an ice beast
  1149 | D:3      | Killed an ice beast
  1150 | D:3      | Reached XP level 6. HP: 25/47 MP: 7/7
  1197 | D:3      | You pick up a book of Blasting and begin reading...
  1197 | D:3      | You add the spells Volatile Blastmotes, Fulminant Prism and
                  | Iskenderun's Mystic Blast to your library.
  1322 | D:3      | Found a burning altar of Makhleb.
  1326 | D:3      | Reached skill level 6 in Unarmed Combat
  1487 | D:3      | Identified a scroll of acquirement
  1589 | D:4      | Found a staircase to the Ecumenical Temple.
  1598 | Temple   | Found a transporter.
  1598 | Temple   | Found a transporter.
  1598 | Temple   | Found a transporter.
  1598 | Temple   | Found a transporter.
  1598 | Temple   | Entered the Ecumenical Temple
  1629 | Temple   | Became a worshipper of Hepliaklqana the Forgotten
  1708 | D:4      | Found an iron altar of Okawaru.
  1784 | D:4      | Found Edunaf's Weapon Shoppe.
  2031 | D:4      | Found an opulent altar of Gozag.
  2058 | D:4      | Reached * piety under Hepliaklqana
  2125 | D:4      | Reached skill level 6 in Shapeshifting
  2125 | D:4      | Reached XP level 7. HP: 46/46 MP: 8/8
  2165 | D:5      | Entered Level 5 of the Dungeon
  2179 | D:5      | HP: 11/46 [hound (1)]
  2180 | D:5      | HP: 4/46 [poisoned by a scorpion]
  2180 | D:5      | Killed from afar by a dart slug

Vanquished Creatures
  An ice beast (D:3)
  2 hounds (D:4)
  Jessica (D:2)
  An iguana (D:5)
  Robin (D:2)
  6 adders
  A dart slug (D:2)
  4 orcs (D:4)
  8 ball pythons
  6 endoplasms
  A giant cockroach (D:1)
  12 goblins
  12 hobgoblins
  A jackal (D:4)
  A quokka (D:5)
  5 bats
  4 frilled lizards
  6 kobolds
  3 rats
76 creatures vanquished.

Vanquished Creatures (collateral kills)
  A hound (D:5)
  An orc (D:4)
2 creatures vanquished.

Grand Total: 78 creatures vanquished

Table legend:
 A = Non-vault XP
 B = Vault XP
 C = Vault XP percentage of total XP
 D = Non-vault monster count
 E = Vault monster count
 F = Vault count percentage of total count
                 A         B        C        D         E       F
            +---------+---------+-------+---------+---------+-------
      Total |     419 |     115 |  21.5 |      65 |      13 |  16.7
            +---------+---------+-------+---------+---------+-------
        D:1 |      33 |       0 |   0.0 |      21 |       0 |   0.0
        D:2 |      60 |      68 |  53.1 |      17 |      10 |  37.0
        D:3 |     140 |       0 |   0.0 |       9 |       0 |   0.0
        D:4 |      94 |      47 |  33.3 |      14 |       3 |  17.6
        D:5 |      92 |       0 |   0.0 |       4 |       0 |   0.0
            +---------+---------+-------+---------+---------+-------

Skill      XL: |  1  2  3  4  5  6 |
---------------+-------------------+-----
Unarmed Combat | 4 5 6 |  6.7
Shapeshifting  | 4 5 6 |  6.3
Fighting       | |  1.1
Dodging        | |  2.1

Action                     |  1- 3 |  4- 6 |  7- 9 || total
---------------------------+-------+-------+-------++-------
  Melee: Unarmed           |    54 |   125 |    10 ||   189
         Punch             |     2 |     3 |       ||     5
    Use: Potion            |       |     1 |     1 ||     2
         Scroll            |       |     9 |       ||     9
 Armour: Animal skin       |    26 |    61 |    13 ||   100
         Skin              |       |     9 |       ||     9
  Dodge: Dodged            |    34 |    76 |    13 ||   123

Illustrated notes

Table legend:
 A = Kills in this place as a percentage of kills in the entire game.
 B = Kills by you in this place as a percentage of kills by you in the entire game.
 C = Kills by friends in this place as a percentage of kills by friends in the entire game.
 D = Other kills in this place as a percentage of other kills in the entire game.
 E = Experience gained in this place as a percentage of experience gained in the entire game.
 F = Experience gained in this place divided by the number of levels of this place that you have seen.
                   A       B       C       D       E      F
               +-------+-------+-------+-------+-------+----------------------
         Total | 100.0 | 100.0 | 100.0 |   N/A | 100.0 |  89.0
       Dungeon | 100.0 | 100.0 | 100.0 |   N/A | 100.0 | 106.8
               +-------+-------+-------+-------+-------+----------------------

Table legend: (Time is in decaauts)
 A = Elapsed time spent in this place.
 B = Non-inter-level travel time spent in this place.
 C = Inter-level travel time spent in this place.
 D = Time resting spent in this place.
 E = Time spent auto-exploring this place.
 F = Levels seen in this place.
 G = Mean time per level.
                   A        B        C        D        E       F      G
               +--------+--------+--------+--------+--------+-----+--------+
         Total |   2161 |   2083 |     78 |      0 |    349 |   6 |  360.2 |
       Dungeon |   2115 |   2037 |     78 |      0 |    349 |   5 |  423.0 |
        Temple |     45 |     45 |      0 |      0 |      0 |   1 |   45.0 |
               +--------+--------+--------+--------+--------+-----+--------+

Top non-repeatable levels by time:
     D:2: 622 daAuts
     D:4: 622 daAuts
     D:1: 479 daAuts
     D:3: 377 daAuts
  Temple: 45 daAuts
     D:5: 13 daAuts
